 Dungeon Crawl Stone Soup version 0.19.0-2-gae57169 (webtiles) character file.

1474 unrecovered the Covert (level 8, 0/46 HPs)
             Began as an Octopode Conjurer on Nov 3, 2016.
             Slain by Prince Ribbit (19 damage)
             ... on level 5 of the Dungeon on Nov 4, 2016.
             The game lasted 00:26:52 (6038 turns).

unrecovered the Covert (Octopode Conjurer)          Turns: 6038, Time: 00:26:52

Health: 0/46       AC:  1    Str:  7    XL:     8   Next: 78%
Magic:  13/16      EV: 13    Int: 19    God:
Gold:   276        SH:  0    Dex: 13    Spells: 5 memorised, 4 levels left

rFire  . . .     SeeInvis +     f - +2 dagger (venom)
rCold  . . .     Gourm    .     (no shield)
rNeg   . . .     Faith    .     (helmet restricted)
rPois  .         Spirit   .     (no amulet)
rElec  .         Reflect  .     n - ring of see invisible
rCorr  .         Harm     .     (no ring)
MR     .....                    (no ring)
Stlth  +++++.....               (no ring)
                                (no ring)
                                (no ring)
                                (no ring)
                                (no ring)

@: no status effects
A: almost no armour, stealthy swim, amphibious, 8 rings, constrict 8, camouflage
1, gelatinous body 1
a: no special abilities


You were on level 5 of the Dungeon.
You were hungry.

You visited 1 branch of the dungeon, and saw 5 of its levels.

You collected 276 gold pieces.

Inventory:

Hand Weapons
 c - a +0 dagger
 f - a +2 dagger of venom (weapon)
Magical Staves
 j - an uncursed staff of poison
Jewellery
 n - a ring of see invisible (left tentacle)
Wands
 g - a wand of paralysis (1/24)
Scrolls
 d - a scroll of immolation {unknown}
 o - a scroll of amnesia {unknown}
 p - a scroll of remove curse
Potions
 e - a potion of mutation {unknown}
 h - a potion of cure mutation {unknown}
 k - 2 potions of heal wounds
 l - 3 potions of curing
 m - a potion of flight {unknown}
Books
 a - a book of Conjurations

   Spells                             Type                      Level
   a - Magic Dart                     Conjuration                  1
   b - Searing Ray                    Conjuration                  2
   c - Dazzling Spray                 Conjuration/Hexes            3
   d - Fulminant Prism                Conjuration/Hexes            4
   e - Iskenderun's Mystic Blast      Conjuration                  4
   f - Iskenderun's Battlesphere      Conjuration/Charms           5
Comestibles
 b - 2 bread rations
 i - 2 beef jerkies
 q - a meat ration


   Skills:
 - Level 2.0 Dodging
 + Level 9.0 Stealth
 + Level 5.7 Spellcasting
 + Level 6.7 Conjurations
 + Level 3.0 Hexes


You had 4 spell levels left.
You knew the following spells:

 Your Spells              Type           Power        Failure   Level  Hunger
a - Magic Dart            Conj           ####         1%          1    None
b - Searing Ray           Conj           ####..       1%          2    None
c - Dazzling Spray        Conj/Hex       ###...       6%          3    ##.....
d - Iskenderun's Mystic   Conj           ####....     10%         4    ####...
e - Fulminant Prism       Conj/Hex       ###.......   17%         4    ####...


Dungeon Overview and Level Annotations

Branches:
Dungeon (5/15)
 Temple: D:4-7

Altars:

Annotations:
D:5 Jane's ghost, novice TeGl; Prince Ribbit


Innate Abilities, Weirdness & Mutations

You cannot wear most types of armour.
You are very stealthy in the water. (Stealth+)
You are amphibious.
You can wear up to eight rings at the same time.
You can use your tentacles to constrict eight enemies at once.
Your skin changes colour to match your surroundings (Stealth+).
Your rubbery body absorbs attacks. (AC +1, EV +1)


Message History

Casting: Magic Dart
Confirm with . or Enter, or press ? or * to list all spells.
Aiming: Dazzling Spray
Press: ? - help, Shift-Dir - straight line, f - Prince Ribbit
Aim: Prince Ribbit The spray of energy hits Prince Ribbit.
Prince Ribbit is lightly wounded.
Prince Ribbit is dazzled.
Prince Ribbit misses you.
You hit Prince Ribbit but do no damage.
Prince Ribbit is poisoned.
Your grab misses Prince Ribbit.
Prince Ribbit is lightly wounded.
Prince Ribbit hits you!
You barely miss Prince Ribbit. You grab Prince Ribbit.
Prince Ribbit is lightly wounded.
You constrict Prince Ribbit. Prince Ribbit barely misses you.
Prince Ribbit hits you!
You hit Prince Ribbit.
Prince Ribbit looks even sicker.
Prince Ribbit is moderately wounded.
You constrict Prince Ribbit. Prince Ribbit hits you!!
You die...

# #.........#
# ##........#
# #..#.....+
# #..#.#...#
# ......#...#
#.##.###...#
#. #> +...# #
##.?.######..
#....@F......
#.##.#######.
#. #.# #. #.#
#. #.# #.#
#.# ..#


You could see Prince Ribbit (blind).

Vanquished Creatures
  The ghost of Jane the Carver, an amateur TeGl (D:4)
  Sigmund (D:5)
  Edmund (D:5)
  A sky beast (D:5)
  A centaur (D:5)
  2 scorpions
  A crimson imp (D:4)
  3 centaur zombies (D:4)
  2 hounds (D:4)
  An orc priest (D:4)
  A bullfrog zombie (D:4)
  2 orc wizards
  A centaur skeleton (D:5)
  Jessica (D:2)
  An iguana (D:4)
  5 worker ants
  A hound zombie (D:4)
  A hound skeleton (D:4)
  4 gnolls
  9 adders
  2 shadow imps
  An ooze (D:5)
  An adder zombie (D:4)
  2 worms (D:2)
  2 dart slugs (D:1)
  2 leopard geckos
  7 orcs
  3 giant cockroaches
  10 goblins
  9 hobgoblins
  2 jackals (D:1)
  5 kobolds
  3 quokkas
  2 ball pythons
  6 bats
  6 frilled lizards
  A jackal skeleton (D:4)
  A jackal zombie (D:4)
  A leopard gecko zombie (D:4)
  8 rats
114 creatures vanquished.

Notes
Turn   | Place    | Note
-------+----------+-------------------------------------------
     0 | D:1      | unrecovered the Octopode Conjurer began the quest for the Orb.
     0 | D:1      | Reached XP level 1. HP: 11/11 MP: 3/3
   105 | D:1      | Reached skill level 3 in Stealth
   311 | D:1      | Reached XP level 2. HP: 17/17 MP: 5/5
   316 | D:1      | Learned a level 2 spell: Searing Ray
  1065 | D:1      | Reached XP level 3. HP: 21/21 MP: 6/6
  1210 | D:1      | Reached skill level 4 in Stealth
  1611 | D:2      | Noticed Jessica
  1626 | D:2      | Learned a level 3 spell: Dazzling Spray
  1635 | D:2      | Killed Jessica
  1635 | D:2      | Reached XP level 4. HP: 23/27 MP: 8/8
  2276 | D:2      | Reached skill level 5 in Stealth
  2276 | D:2      | Reached XP level 5. HP: 25/31 MP: 7/9
  3172 | D:3      | Learned a level 4 spell: Iskenderun's Mystic Blast
  3617 | D:4      | Reached XP level 6. HP: 36/36 MP: 11/11
  3706 | D:4      | Reached skill level 6 in Stealth
  3706 | D:4      | Reached skill level 5 in Conjurations
  4006 | D:4      | Noticed Jane's ghost (amateur TeGl)
  4272 | D:4      | Reached XP level 7. HP: 41/41 MP: 13/13
  4343 | D:4      | Killed Jane's ghost
  4343 | D:4      | Reached skill level 7 in Stealth
  4686 | D:4      | Learned a level 4 spell: Fulminant Prism
  4942 | D:4      | Reached skill level 1 in Hexes
  4946 | D:4      | Reached skill level 5 in Spellcasting
  4946 | D:4      | Reached XP level 8. HP: 16/46 MP: 8/15
  5204 | D:5      | Entered Level 5 of the Dungeon
  5254 | D:5      | Reached skill level 8 in Stealth
  5262 | D:5      | Noticed Jane's ghost (novice TeGl)
  5475 | D:5      | Noticed Sigmund
  5476 | D:5      | Noticed Edmund
  5481 | D:5      | Killed Sigmund
  5547 | D:5      | Killed Edmund
  5769 | D:5      | Reached skill level 9 in Stealth
  6032 | D:5      | Noticed Prince Ribbit
  6038 | D:5      | Slain by Prince Ribbit

Skill      XL: |  1  2  3  4  5  6  7  8 |
---------------+-------------------------+-----
Stealth        | 3 4 5 6 7 9 |  9.0
Spellcasting   | 3 4 5 |  5.7
Conjurations   | 5 6 |  6.7
Hexes          | 1 3 |  3.0
Dodging        | |  2.0

Action                   |  1- 3 |  4- 6 |  7- 9 || total
-------------------------+-------+-------+-------++-------
Melee: Dagger            |    58 |    81 |    56 ||   195
       Constrict         |    16 |    23 |    11 ||    50
       Unarmed           |     2 |       |       ||     2
       Tentacles         |    10 |    14 |    10 ||    34
 Cast: Magic Dart        |     5 |     8 |    18 ||    31
       Searing Ray       |       |     9 |     8 ||    17
       Iskenderun's Myst |       |     3 |     1 ||     4
       Dazzling Spray    |       |     1 |     7 ||     8
Evoke: Wand              |       |       |     5 ||     5
  Use: Scroll            |       |     7 |     2 ||     9
 Stab: Sleeping          |    11 |    10 |     4 ||    25
       Paralysed         |       |       |     6 ||     6
  Eat: Chunk             |     2 |    10 |     5 ||    17
Armor: Skin              |     3 |     4 |     6 ||    13
Dodge: Dodged            |    26 |    32 |    54 ||   112
